 Dungeon Crawl Stone Soup version 0.24.0-13-gcf9b3192b9 (webtiles) character file.

Game seed: 2859577082581966689, levelgen mode: deterministic

40 ANON1729 the Chiller (level 3, -8/24 HPs)
             Began as a Demonspawn Ice Elementalist on Nov 8, 2019.
             Shot with an arrow by a centaur (10 damage)
             ... on level 5 of the Dungeon.
             The game lasted 00:02:39 (1495 turns).

ANON1729 the Chiller (Demonspawn Ice Elementalist)  Turns: 1495, Time: 00:02:40

Health: -8/24      AC:  2    Str:  8    XL:     3   Next: 30%
Magic:  0/6        EV: 12    Int: 17    God:
Gold:   55         SH:  0    Dex: 13    Spells: 6/7 levels left

rFire    . . .     SeeInvis .   j - +0 dagger (venom)
rCold    + . .     Gourm    .   (no shield)
rNeg     . . .     Faith    .   m - +0 robe (curse)
rPois    .         Spirit   +   (no helmet)
rElec    .         Reflect  .   (no cloak)
rCorr    .         Harm     .   (no gloves)
MR       .....                  (no boots)
Stlth    ++........             (no amulet)
HPRegen  0.08/turn              f - ring of protection from cold
MPRegen  0.10/turn              (no ring)

@: no status effects
A: spiny 1, magic shield
a: no special abilities


You were on level 5 of the Dungeon.
You were hungry.

You visited 1 branch of the dungeon, and saw 6 of its levels.

You collected 55 gold pieces.

Inventory:

Hand Weapons
 g - a +0 short sword
 j - a +0 dagger of venom (weapon)
Armour
 a - a +0 robe
 m - a cursed +0 robe (worn)
Jewellery
 f - a ring of protection from cold (left hand)
Wands
 n - a wand of random effects (7)
Scrolls
 d - 2 scrolls of remove curse {unknown}
 e - a scroll of teleportation {unknown}
 i - a scroll of enchant armour {unknown}
 k - a scroll of immolation {unknown}
Potions
 b - a potion of might {unknown}
 h - a potion of haste {unknown}
 l - a potion of degeneration {unknown}
Comestibles
 c - 2 rations


   Skills:
 + Level 2.1 Dodging
 + Level 2.1 Stealth
 * Level 2.6 Spellcasting
   Level 1.0 Conjurations
 * Level 3.2 Ice Magic


You had 6 spell levels left.
You knew the following spells:

 Your Spells              Type           Power        Failure   Level  Hunger
a - Freeze                Ice            ##..         4%          1    #......

Your spell library contained the following spells:

 Spells                   Type           Power        Failure   Level  Hunger
 Throw Frost              Conj/Ice       #.....       12%         2    ##.....
 Ozocubu's Armour         Chrm/Ice       #.......     28%         3    ###....
 Throw Icicle             Conj/Ice       #.......     58%         4    #####..
 Summon Ice Beast         Ice/Summ       #.......     67%         4    #####..


Dungeon Overview and Level Annotations

Branches:
Dungeon (6/15)
 Temple: D:4-7

Altars:


Innate Abilities, Weirdness & Mutations

You are partially covered in sharp spines.
When hurt, damage is shared between your health and your magic reserves.


Message History

* * * LOW HITPOINT WARNING * * *
The scorpion stings you.
* * * LOW HITPOINT WARNING * * *
There is a stone staircase leading down here.
Found 17 sling bullets.
A jelly comes into view.
The jelly quivers.
An orc comes into view. It is wielding a -1 falchion.
A worker ant comes into view.
The orc shouts!
You hear a shout! x2
An orc wizard comes into view. It is wielding a +0 dagger.
Found 16 bolts.
The orc wizard gestures wildly while chanting.
The orc wizard flickers and vanishes!
Deactivating autopickup; reactivate with Ctrl-A.
A centaur comes into view.
The centaur shouts!
The centaur wields a +0 shortbow.
The centaur shoots an arrow.
The arrow hits you!
You die...

#....#.# #.#.o# .#
#....#.# #.#..###..
#####....#.####.#.......
..................#.###
#..........o..####.#
#........s.>.......#
#........###########
#......J.# #.<..@...#
#........# #........#
########.# #..c ####. .


You could see a centaur, a scorpion, a jelly and an orc.

Vanquished Creatures
  An ooze (D:1)
  2 dart slugs (D:1)
  A leopard gecko (D:2)
  2 bats (D:1)
  2 giant cockroaches (D:1)
  3 goblins
  5 hobgoblins
  4 jackals (D:6)
  2 frilled lizards (D:1)
  3 kobolds (D:1)
  5 rats
30 creatures vanquished.

Notes
Turn   | Place    | Note
-------+----------+-------------------------------------------
     0 | D:1      | ANON1729 the Demonspawn Ice Elementalist began the quest
                  | for the Orb.
     0 | D:1      | Reached XP level 1. HP: 13/13 MP: 3/3
   603 | D:1      | Gained mutation: You are partially covered in sharp spines.
                  | [demonic ancestry]
   603 | D:1      | Reached XP level 2. HP: 5/19 MP: 3/5
   851 | D:1      | Reached skill level 3 in Ice Magic
  1028 | D:1      | Gained mutation: When hurt, damage is shared between your
                  | health and your magic reserves. [demonic ancestry]
  1028 | D:1      | Reached XP level 3. HP: 9/24 MP: 6/6
  1420 | D:4      | You fall into a shaft and drop 1 floor!
  1420 | D:5      | Entered Level 5 of the Dungeon
  1420 | D:5      | Noticed a scorpion
  1447 | D:6      | Noticed a phantom
  1474 | D:5      | HP: 1/24 [scorpion (2)]
  1495 | D:5      | Noticed a centaur
  1495 | D:5      | Shot with an arrow by a centaur

Levels and vault maps discovered:
D:1:      minmay_arrival_hallway, layout_loops_ring
D:2:      minmay_recursive_quarters, layout_rooms
D:3:      layout_basic
D:4:      layout_loops_cross, first_ration, chequers_avenue,
          nemelex_dance_club_becter
D:5:      layout_loops_ring, elyvilon_altar_4
D:6:      layout_gridville, cheibrodos_ashenzari_chains,
          hangedman_abyss_or_decor_stagger, kennysheep_generic_room_4

Skill      XL: |  1  2 |
---------------+-------+-----
Ice Magic      | 3 |  3.2
Stealth        | 2 |  2.1
Dodging        | 2 |  2.1
Spellcasting   | |  2.6
Conjurations   | |  1.0

Action                   || total
-------------------------++-------
Melee: Unarmed           ||    13
       Short sword       ||     8
       Dagger            ||    40
 Cast: Freeze            ||    13
 Stab: Sleeping          ||     4
  Eat: Chunk             ||     1
Armor: Robe              ||    17
Dodge: Dodged            ||    68
